 Dungeon Crawl Stone Soup version 0.22.1-1-ga44c0e56f4 (webtiles) character file.

5740 Gargoyl the Cruncher (level 10, -6/83 HPs)
             Began as a Centaur Abyssal Knight on Nov 8, 2018.
             Was a High Priest of Lugonu.
             Killed from afar by a gargoyle (14 damage)
             ... with a stone arrow
             ... in a labyrinth.
             The game lasted 00:19:14 (9383 turns).

Gargoyl the Cruncher (Centaur Abyssal Knight)       Turns: 9383, Time: 00:19:15

Health: -6/83      AC: 14    Str: 17    XL:     10   Next: 49%
Magic:  11/15      EV:  3    Int: 13    God:    Lugonu [*****.]
Gold:   389        SH:  0    Dex: 10    Spells: 9/9 levels left

rFire    . . .     SeeInvis .   e - +5 quarterstaff of Ewkeh {speed, rN+}
rCold    . . .     Gourm    .   (shield currently unavailable)
rNeg     + + .     Faith    .   g - +0 plate armour
rPois    +         Spirit   .   l - +0 helmet
rElec    .         Reflect  .   (no cloak)
rCorr    .         Harm     .   (no gloves)
MR       .....                  (no barding)
Stlth    ..........             (no amulet)
HPRegen  0.23/turn              i - ring of positive energy
MPRegen  0.14/turn              (no ring)

@: very quick
A: large, hooves 3, thin metallic scales 1, clever 1, deformed body, speed 2,
poison resistance, tough skin 3, wild magic 1
a: Depart the Abyss, Bend Space, Banish, Corrupt, Enter the Abyss, Renounce
Religion


You were in a labyrinth.
You worshipped Lugonu.
Lugonu was extremely pleased with you.
You were not hungry.

You visited 2 branches of the dungeon, and saw 9 of its levels.
You visited the Abyss 1 time.
You also visited: Labyrinth and Ossuary.

You collected 389 gold pieces.

Inventory:

Hand Weapons
 a - a +1 hand axe
 b - a +3 hand axe
 e - the +5 quarterstaff of Ewkeh (weapon) {speed, rN+}
   (You found it on level 2 of the Abyss)

   Attacks with this weapon are significantly faster.
   It protects you from negative energy.
Missiles
 t - 6 tomahawks (quivered)
Armour
 g - a +0 plate armour (worn)
 k - a +0 shield
 l - a +0 helmet (worn)
Jewellery
 h - a +3 ring of protection {unknown}
 i - a ring of positive energy (left hand)
 q - an uncursed ring of poison resistance
Wands
 n - a wand of scattershot (7)
 y - a wand of disintegration (12)
Scrolls
 d - 6 scrolls of identify
 f - 7 scrolls of fear
 o - 4 scrolls of teleportation
 p - 4 scrolls of remove curse
 w - 2 scrolls of amnesia
 B - a scroll of magic mapping
Potions
 j - 2 potions of curing
 r - 2 potions of haste
 s - 2 potions of might
 u - a potion of cancellation
 v - a potion of degeneration {unknown}
 x - a potion of magic {unknown}
 z - 2 potions of flight {unknown}
 C - a potion of mutation
 D - 2 potions of brilliance {unknown}
 E - a potion of invisibility {unknown}
Comestibles
 c - 7 rations


   Skills:
 + Level 6.1 Fighting
 + Level 3.6 Axes
 + Level 8.4 Staves
 + Level 2.6 Throwing
 * Level 6.4 Armour
 + Level 0.8 Dodging
 * Level 7.8 Invocations
 + Level 0.1 Evocations


You had 9 spell levels left.
You didn't know any spells.
Your spell library contained the following spells:

 Spells                   Type           Power        Failure   Level  Hunger
 Magic Dart               Conj           #...         100%        1    ##.....
 Searing Ray              Conj           #.....       100%        2    ###....
 Dazzling Spray           Conj/Hex       #.....       100%        3    ####...
 Force Lance              Conj/Tloc      #.......     100%        4    #####..
 Fulminant Prism          Conj/Hex       #.........   100%        4    #####..
 Iskenderun's Mystic Bla  Conj           #.......     100%        4    #####..


Dungeon Overview and Level Annotations

Branches:
Dungeon (8/15)             Temple (0/1) D:4            Lair (1/6) D:8

Altars:
Cheibriados
Hepliaklqana
Makhleb
Nemelex Xobeh
Ru
Trog
Wu Jian
Xom

Shops:
D:4 :


Innate Abilities, Weirdness & Mutations

You have hooves in place of feet.
Armour fits poorly on your strangely shaped body.
You cover ground very quickly.
You have extremely tough skin. (AC +3)
You are partially covered in thin metallic scales. (AC +2)
Your mind is acute. (Int +2)
Your system is resistant to poisons. (rPois)
Your spells are a little harder to cast, but a little more powerful.


Message History

Unknown command.
You hit the gargoyle but do no damage. Your kick misses the gargoyle.
The gargoyle is lightly damaged.
The gargoyle hurls a stone arrow at you.
The stone arrow hits you!
You hit the gargoyle but do no damage.
The gargoyle is lightly damaged.
You hit the gargoyle but do no damage.
The gargoyle is lightly damaged.
The gargoyle hurls a stone arrow at you.
The stone arrow hits you!
* * * LOW HITPOINT WARNING * * *
Press: ? - help, Shift-Dir - straight line, f - gargoyle
Aim: a gargoyle, wielding a flail of distortion (lightly damaged, chance to The gargoyle is devoured by a tear in reality.
Lugonu claims a new guest.
You feel quite a bit more hungry.
The gargoyle hurls a stone arrow at you.
The stone arrow hits you!
You die...

# .# ..# #
# #..
.#[.9# ##.#
# #9§.#
#.§####
#.....#@..#
####
.###.### #.
.#.# ##
#.#. ##
#.....# ###
###.##### .
.#...#
.#.#.# #..
.#


You could see a gargoyle.

Vanquished Creatures
  A two-headed ogre (D:8)
  2 spiny frogs (Lair:1)
  A komodo dragon (D:8)
  A steam dragon (D:7)
  A basilisk (Lair:1)
  Menkaure (D:6)
  Duvessa (D:5)
  2 water moccasins
  2 porcupines (Lair:1)
  2 black bears (D:7)
  3 ice beasts (D:8)
  A sky beast (D:5)
  2 ogres
  A centaur (D:7)
  A bullfrog (D:8)
  A wyvern zombie (D:8)
  An elf zombie (Ossuary)
  Dowan (D:5)
  10 crimson imps
  A centaur zombie (Ossuary)
  A bullfrog zombie (D:5)
  2 jellies (D:6)
  4 hounds
  3 human zombies (Ossuary)
  A bullfrog skeleton (D:4)
  7 orc priests
  A centaur skeleton (D:8)
  An iguana (D:7)
  9 orc wizards
  7 worker ants
  3 killer bee zombies
  A big kobold zombie (Ossuary)
  A hound zombie (D:5)
  2 mummies (Ossuary)
  A hound skeleton (D:5)
  A worker ant zombie (D:6)
  4 gnolls (D:8)
  A howler monkey skeleton (D:5)
  8 adders
  4 shadow imps
  An ooze (D:3)
  An adder skeleton (D:4)
  4 adder zombies
  3 worms
  2 dart slugs
  6 leopard geckos
  22 orcs
  A bat (D:1)
  7 giant cockroaches
  12 goblins
  11 hobgoblins
  10 jackals
  10 kobolds
  2 quokkas
  A ball python (D:3)
  A ball python skeleton (D:4)
  5 frilled lizards
  A giant cockroach zombie (D:5)
  A goblin zombie (Ossuary)
  9 hobgoblin zombies (Ossuary)
  2 jackal zombies (Ossuary)
  7 kobold zombies (Ossuary)
  A leopard gecko zombie (D:7)
  10 orc zombies (Ossuary)
  A quokka zombie (D:4)
  9 rats
238 creatures vanquished.

Vanquished Creatures (others)
  A gargoyle (Lab)
  2 spiny frogs (Lair:1)
  An ice beast (D:8)
  2 orcs (D:8)
  A plant (D:8)
7 creatures vanquished.

Grand Total: 245 creatures vanquished

Notes
Turn   | Place    | Note
-------+----------+-------------------------------------------
     0 | Abyss:1  | Gargoyl the Centaur Abyssal Knight began the quest for the
                  | Orb.
     0 | Abyss:1  | Reached XP level 1. HP: 19/19 MP: 2/2
    10 | Abyss:2  | Found a corrupted altar of Lugonu.
    32 | Abyss:2  | Got an ivory quarterstaff
    33 | Abyss:2  | Identified the +5 quarterstaff of Ewkeh {speed, rN+} (You
                  | found it on level 2 of the Abyss)
    65 | Abyss:2  | Noticed a wretched star
    66 | D:1      | Escaped the Abyss
   235 | D:1      | Reached * piety under Lugonu
   284 | D:1      | Reached XP level 2. HP: 26/26 MP: 3/3
   759 | D:2      | Found an ornate altar of the Wu Jian Council.
   763 | D:2      | Reached skill level 1 in Staves
   763 | D:2      | Reached XP level 3. HP: 31/31 MP: 4/4
  1036 | D:2      | Reached ** piety under Lugonu
  1671 | D:3      | Reached XP level 4. HP: 37/40 MP: 6/6
  1940 | D:3      | Reached skill level 2 in Staves
  1955 | D:3      | Reached XP level 5. HP: 39/46 MP: 7/7
  2702 | D:4      | Reached *** piety under Lugonu
  2729 | D:4      | Found Ufoofamp's Book Shoppe.
  2746 | D:4      | Reached XP level 6. HP: 46/52 MP: 8/8
  2912 | D:4      | Found a staircase to the Ecumenical Temple.
  3062 | D:4      | Found a bloodstained altar of Trog.
  3066 | D:4      | Reached skill level 3 in Staves
  3291 | D:5      | Entered Level 5 of the Dungeon
  3291 | D:5      | Noticed Duvessa
  3291 | D:5      | Noticed Dowan
  3593 | D:4      | Reached XP level 7. HP: 35/59 MP: 6/9
  3679 | D:5      | Reached skill level 4 in Staves
  3840 | D:5      | Killed Duvessa
  3973 | D:5      | Killed Dowan
  4228 | D:4      | Reached XP level 8. HP: 24/67 MP: 4/11
  4236 | D:4      | Reached skill level 5 in Staves
  4453 | D:5      | Reached **** piety under Lugonu
  4803 | D:5      | Found a shimmering altar of Xom.
  4978 | D:6      | Reached skill level 5 in Invocations
  5045 | D:6      | Gained mutation: Your spells are a little harder to cast,
                  | but a little more powerful. [potion of mutation]
  5045 | D:6      | Gained mutation: Your system is resistant to poisons.
                  | (rPois) [potion of mutation]
  5045 | D:6      | Gained mutation: Your mind is acute. (Int +2) [potion of
                  | mutation]
  5045 | D:6      | Gained mutation: You are partially covered in thin metallic
                  | scales. (AC +2) [potion of mutation]
  5107 | D:6      | Found a sparkling altar of Nemelex Xobeh.
  5147 | D:6      | Noticed Menkaure
  5154 | D:6      | Killed Menkaure
  5154 | D:6      | Reached skill level 5 in Fighting
  5154 | D:6      | Reached skill level 6 in Staves
  5290 | D:6      | Found a hazy altar of Hepliaklqana.
  5792 | D:7      | Reached skill level 5 in Armour
  5995 | D:7      | Found a sand-covered staircase.
  6004 | Ossuary  | Entered an ossuary
  6097 | Ossuary  | Reached ***** piety under Lugonu
  6202 | Ossuary  | Reached XP level 9. HP: 37/74 MP: 8/13
  7494 | D:8      | Found a burning altar of Makhleb.
  7904 | D:8      | Noticed a komodo dragon
  7905 | D:8      | Found a staircase to the Lair.
  7937 | D:8      | Reached skill level 7 in Staves
  7951 | D:8      | Killed a komodo dragon
  8417 | D:8      | Found a snail-covered altar of Cheibriados.
  8417 | D:8      | Found a sacrificial altar of Ru.
  8425 | D:8      | Noticed a two-headed ogre
  8434 | D:8      | Killed a two-headed ogre
  8434 | D:8      | Reached XP level 10. HP: 83/83 MP: 15/15
  8793 | Lair:1   | Entered Level 1 of the Lair of Beasts
  8829 | Lair:1   | Reached skill level 1 in Throwing
  8837 | Lair:1   | Noticed a spiny frog
  8852 | Lair:1   | Killed a spiny frog
  8870 | Lair:1   | Noticed a spiny frog
  8887 | Lair:1   | Killed a spiny frog
  8893 | Lair:1   | Noticed a spiny frog
  8897 | Lair:1   | Banished a spiny frog
  8897 | Lair:1   | Reached skill level 8 in Staves
  8984 | Lair:1   | Noticed a spiny frog
  8988 | Lair:1   | Banished a spiny frog
  8989 | Lair:1   | Found a labyrinth entrance.
  9001 | Lab      | Entered a labyrinth
  9373 | Lab      | Noticed a gargoyle
  9374 | Lab      | Noticed a gargoyle
  9383 | Lab      | Banished a gargoyle
  9383 | Lab      | Killed from afar by a gargoyle

Skill      XL: |  1  2  3  4  5  6  7  8  9 10 |
---------------+-------------------------------+-----
Staves         | 1 2 3 4 6 7 8 |  8.4
Armour         | 2 3 4 5 6 |  6.4
Invocations    | 3 4 5 7 |  7.8
Fighting       | 4 5 6 |  6.1
Axes           | 2 3 |  3.6
Throwing       | 2 |  2.6
Dodging        | |  0.8
Evocations     | |  0.1

Action                   |  1- 3 |  4- 6 |  7- 9 | 10-12 || total
-------------------------+-------+-------+-------+-------++-------
Melee: Quarterstaff      |    91 |   178 |   326 |    53 ||   648
       Kick              |    11 |    24 |   109 |     7 ||   151
       Hand axe          |       |       |    76 |       ||    76
Throw: Tomahawk          |       |       |     7 |       ||     7
Invok: Depart the Abyss  |     1 |       |       |       ||     1
       Banish            |       |       |     1 |     5 ||     6
Evoke: Wand              |       |       |     1 |     1 ||     2
  Use: Scroll            |    10 |     3 |     6 |     2 ||    21
       Potion            |       |       |     1 |     2 ||     3
  Eat: Chunk             |     1 |     5 |     3 |       ||     9
       Ration            |       |       |     3 |     2 ||     5
Armor: Plate armour      |    61 |   151 |   353 |    11 ||   576
       Skin              |       |       |       |     2 ||     2
Dodge: Dodged            |     2 |     9 |    56 |     4 ||    71
